 Dungeon Crawl Stone Soup version 0.25.0-26-g0c896c7088 (webtiles) character file.

Game seed: 5728432434001340507

1261 protoss039 the Magician (level 8, -4/61 HPs)
             Began as a Mummy Necromancer on July 2, 2020.
             Slain by Menkaure (13 damage)
             ... on level 5 of the Dungeon.
             The game lasted 00:23:00 (5630 turns).

protoss039 the Magician (Mummy Necromancer)         Turns: 5630, Time: 00:23:00

Health: -4/61      AC:  4    Str: 12    XL:     8   Next: 27%
Magic:  19/19      EV: 12    Int: 16    God:
Gold:   106        SH:  0    Dex: 12    Spells: 17/22 levels left

rFire    . . .     SeeInvis .   i - +1 scythe (freeze)
rCold    + . .     Gourm    .   (shield currently unavailable)
rNeg     + + +     Faith    .   a - +0 robe
rPois    ∞         Spirit   .   f - +0 helmet
rElec    .         Reflect  .   (no cloak)
rCorr    .         Harm     .   g - +0 pair of gloves
MR       +....                  (no boots)
Stlth    ++........             b - amulet of regeneration
HPRegen  0.60/turn              l - ring of protection from fire
MPRegen  0.16/turn              (no ring)

@: no status effects
A: no food or potions, fire vulnerability, cold resistance 1, negative energy
resistance 3, torment resistance, unbreathing
a: no special abilities


You were on level 5 of the Dungeon.
You were not hungry.

You visited 1 branch of the dungeon, and saw 5 of its levels.

You collected 106 gold pieces.

Inventory:

Hand Weapons
 c - a +1 vampiric spear
 i - a +1 scythe of freezing (weapon)
Armour
 a - a +0 robe (worn)
 f - a +0 helmet (worn)
 g - a +0 pair of gloves (worn)
Jewellery
 b - an amulet of regeneration (around neck)
 l - a ring of protection from fire (left hand)
Wands
 h - a wand of clouds (5)
Scrolls
 d - 2 scrolls of enchant weapon
 e - a scroll of identify
 j - 2 scrolls of enchant armour
 k - 2 scrolls of remove curse


   Skills:
 + Level 4.3 Fighting
 - Level 0.6 Polearms
 - Level 1.5 Dodging
 - Level 1.5 Stealth
 + Level 7.9 Spellcasting
 + Level 7.4 Necromancy


You had 17 spell levels left.
You knew the following spells:

 Your Spells              Type           Power        Failure   Level  Hunger
a - Pain                  Necr           ####         1%          1    N/A
b - Animate Skeleton      Necr           N/A          1%          1    N/A
c - Vampiric Draining     Necr           ####......   1%          3    N/A

Your spell library contained the following spells:

 Spells                   Type           Power        Failure   Level  Hunger
 Animate Dead             Necr           N/A          5%          4    N/A
 Agony                    Necr           ####....     14%         5    N/A

Dungeon Overview and Level Annotations

Branches:
Dungeon (5/15)
 Temple: D:4-7

Altars:
Okawaru
Qazlal

Annotations:
D:2 1 exclusion
D:5 Menkaure


Innate Abilities, Weirdness & Mutations

You do not eat or drink.
Your flesh is vulnerable to fire.
You are immune to poison.
Your flesh is cold resistant. (rC+)
You are immune to negative energy. (rN+++)
You are immune to unholy pain and torment.
You can survive without breathing.


Message History

Unknown command.
Press: ? - help, v - describe, . - travel
Here: Menkaure (heavily damaged, fast)
The floor.
Press: ? - help, v - describe, . - travel
Here: Menkaure (heavily damaged, fast)
The floor.
You are too injured to fight recklessly!
Unknown command.
You barely miss Menkaure.
Menkaure is heavily damaged.
Menkaure hits you!!
* * * LOW HITPOINT WARNING * * *
Menkaure closely misses you.
Unknown command.
Unknown command.
You barely miss Menkaure.
Menkaure is heavily damaged.
Menkaure hits you!
You die...

#.#........
#.......... #
#.#.########..##
#.#.............
##.#####.#.####.####..
................#.. #
##.#####...####.#.#
..# ..........#
#..#.#....#
..###..<..#
#..@M.._...
#...........#....#.
..............# ..##
...####.........# ...
.. #.......... ### .
+..........
#..###...### .... ....


You could see Menkaure (fast).

Vanquished Creatures
  Grinder (D:3)
  Sigmund (D:2)
  3 ogres
  A bullfrog (D:4)
  2 scorpions (D:4)
  2 hounds
  A centaur skeleton (D:4)
  3 orc wizards
  An orc priest (D:3)
  Jessica (D:2)
  An iguana (D:4)
  2 worker ants (D:4)
  Robin (D:4)
  8 adders
  2 oozes
  An adder skeleton (D:4)
  3 dart slugs
  2 leopard geckos
  17 orcs
  A ball python (D:1)
  3 giant cockroaches
  13 goblins
  12 hobgoblins
  3 jackals (D:1)
  3 bats
  2 frilled lizards (D:4)
  A jackal skeleton (D:4)
  7 kobolds
  8 rats
106 creatures vanquished.

Vanquished Creatures (collateral kills)
  A ball python (D:3)
1 creature vanquished.

Grand Total: 107 creatures vanquished

Notes
Turn   | Place    | Note
-------+----------+-------------------------------------------
     0 | D:1      | protoss039 the Mummy Necromancer began the quest for the
                  | Orb.
     0 | D:1      | Reached XP level 1. HP: 13/13 MP: 4/4
   490 | D:1      | Reached XP level 2. HP: 19/19 MP: 0/5
  1154 | D:2      | Noticed Jessica
  1159 | D:2      | Killed Jessica
  1159 | D:2      | Reached XP level 3. HP: 21/24 MP: 2/8
  1768 | D:2      | Reached XP level 4. HP: 25/30 MP: 3/10
  1819 | D:2      | Reached skill level 5 in Necromancy
  2141 | D:2      | Learned a level 1 spell: Animate Skeleton
  2145 | D:2      | Learned a level 3 spell: Vampiric Draining
  2203 | D:2      | Noticed Sigmund
  2242 | D:2      | Killed Sigmund
  2242 | D:2      | Reached skill level 1 in Fighting
  2242 | D:2      | Reached skill level 5 in Spellcasting
  2242 | D:2      | Reached XP level 5. HP: 11/37 MP: 4/13
  2242 | D:2      | Reached XP level 6. HP: 13/43 MP: 4/14
  2829 | D:3      | Noticed Grinder
  3666 | D:3      | Paralysed by Grinder for 4 turns
  3710 | D:3      | Paralysed by Grinder for 6 turns
  3714 | D:3      | HP: 1/43 [Grinder (2)]
  3763 | D:3      | Paralysed by Grinder for 5 turns
  3775 | D:3      | Paralysed by Grinder for 5 turns
  3856 | D:3      | Paralysed by Grinder for 5 turns
  3862 | D:3      | Killed Grinder
  3862 | D:3      | Reached XP level 7. HP: 18/50 MP: 16/16
  4397 | D:4      | Noticed Robin
  4497 | D:4      | Killed Robin
  4639 | D:4      | Found an iron altar of Okawaru.
  4936 | D:4      | Reached XP level 8. HP: 50/60 MP: 19/19
  5186 | D:4      | HP: 3/60 [orc (2)]
  5605 | D:5      | Entered Level 5 of the Dungeon
  5623 | D:5      | Found a stormy altar of Qazlal.
  5623 | D:5      | Noticed Menkaure
  5630 | D:5      | Slain by Menkaure

Illustrated notes

Levels and vault maps discovered:
D:1:      nagdon_arrival_zigzag_paths, layout_basic, serial_curves,
          eino_curves_02, eino_curves_04
D:2:      layout_basic, uniq_sigmund, uniq_jessica
D:3:      layout_loops_cross, serial_co_window_serial,
          co_window_of_opportunity_a, co_window_corner_a, co_window_paths_a,
          co_window_of_opportunity_a, co_window_paths_a,
          co_window_unsneaky_path_d, co_window_unsneaky_path_c,
          co_window_cross_4, co_window_unsneaky_path_e,
          co_window_unsneaky_path_b, co_window_2corner, co_window_paths_e,
          first_ration, roderic_st_hans_cross, uniq_grinder
D:4:      layout_gridville, mrwooster_statue_mirror, okawaru_ov_weapons_minmay,
          uniq_robin
D:5:      layout_basic, nicolae_overflow_crystal_walls, serial_shops, shop,
          ebering_ghost_sewer_f, uniq_menkaure

Skill      XL: |  1  2  3  4  5  6  7  8 |
---------------+-------------------------+-----
Spellcasting   | 3 4 5 6 7 |  7.9
Necromancy     | 5 6 7 |  7.4
Fighting       | 1 2 3 4 |  4.3
Polearms       | |  0.6
Dodging        | |  1.5
Stealth        | |  1.5

Action                   |  1- 3 |  4- 6 |  7- 9 || total
-------------------------+-------+-------+-------++-------
Melee: Unarmed           |     7 |     1 |       ||     8
       Dagger            |       |    17 |       ||    17
       Scythe            |       |    65 |   124 ||   189
 Cast: Pain              |    66 |    43 |    31 ||   140
       Animate Skeleton  |       |     6 |       ||     6
  Use: Scroll            |       |     4 |     3 ||     7
 Stab: Sleeping          |     1 |     7 |     2 ||    10
Armor: Robe              |    10 |    24 |    49 ||    83
Dodge: Dodged            |    26 |    51 |   163 ||   240
